 Dungeon Crawl Stone Soup version 0.31.0-12-g77e489cdc1 (webtiles) character file.

Game seed: 5849136447081651228

8645 Silvore the Carver (level 11, -8/84 HPs)
             Began as a Demonspawn Fighter on Feb 14, 2024.
             Killed from afar by a manticore (14 damage)
             ... with a volley of spikes
             ... on level 10 of the Dungeon.
             The game lasted 00:11:21 (9606 turns).

Silvore the Carver (Demonspawn Fighter)             Turns: 9606, Time: 00:11:21

Health: -8/84      AC: 15    Str: 21    XL:     11   Next: 12%
Magic:  11/11      EV: 12    Int:  9    God:
Gold:   610        SH:  9    Dex: 12    Spells: 10/10 levels left

rFire   + . .        a - +2 long sword (freeze)
rCold   . . .        c - +0 buckler
rNeg    . . .        D - +0 troll leather armour
rPois   .            (helmet restricted)
rElec   .            t - +0 cloak
rCorr   .            (no gloves)
SInv    .            (no boots)
Will    +....        (no amulet) Stlth
                     k - ring of willpower
HPRegen 1.14/turn    o - ring of protection from fire
MPRegen 0.12/turn

%: no passive effects
@: silenced, spiked, sanguine armoured, hasted, very quick
A: horns 2, icemail 1, sanguine armour 1, condensation shield, bedeviling
a: no special abilities


You were on level 10 of the Dungeon.
You visited 2 branches of the dungeon, and saw 11 of its levels.

You collected 610 gold pieces.

Inventory:

Hand Weapons
 a - a +2 long sword of freezing (weapon)
 n - the +4 dagger of the Thirsty Stories {heavy, SInv}
   (You found it on level 2 of the Dungeon)

   SInv:      It lets you see invisible.
Armour
 b - a +0 scale mail
 c - a +0 buckler (worn)
 g - a +0 chain mail
 t - a +0 cloak (worn)
 D - a +0 troll leather armour (worn)
Jewellery
 k - a ring of willpower (left hand)
 o - a ring of protection from fire (right hand)
 v - a ring of ice
 C - a ring of willpower
Wands
 p - a wand of iceblast (7)
 q - a wand of flame (40)
Scrolls
 l - a scroll of immolation
 m - 4 scrolls of teleportation
 r - a scroll of vulnerability
 w - a scroll of fog
 x - a scroll of revelation
 y - a scroll of blinking
Potions
 e - 3 potions of lignification
 f - 4 potions of brilliance
 h - 3 potions of mutation
 i - a potion of ambrosia
 j - 2 potions of enlightenment
 s - 11 potions of degeneration
 u - a potion of haste
 z - 2 potions of attraction
 A - a potion of invisibility {unknown}


   Skills:
 + Level 7.6 Fighting
 + Level 10.8 Long Blades
 + Level 7.2 Armour
 + Level 3.3 Dodging
 + Level 1.3 Stealth
 + Level 6.9 Shields


You had 10 spell levels left.
You didn't know any spells.
Your spell library contained the following spells:

 Spells                   Type           Power      Damage    Failure   Level
 Cigotuvi's Dreadful Rot  Necr/Alch/Air  0%         N/A       63%         2
 Gell's Gravitas          Tloc           0%         N/A       86%         3
 Teleport Other           Tloc           0%         N/A       86%         3
 Dispel Undead            Necr           0%         3d6       99%         4
 Martyr's Knell           Necr/Summ      0%         N/A       99%         4
 Death Channel            Necr           0%         N/A       100%        6
 Dispersal                Tloc           0%         N/A       100%        6


Dungeon Overview and Level Annotations

Branches:
Dungeon (10/15)            Temple (1/1) D:7             Orc (0/2) D:9
   Lair: D:8-11

Altars:
Ashenzari
Cheibriados
Dithmenos
Fedhas
Hepliaklqana
Kikubaaqudgha
Makhleb
Okawaru
Qazlal
Ru
Sif Muna
Trog
Uskayaw
Vehumet
Wu Jian
Xom
Yredelemnul

Shops:
D:5 :   D:6 :


Innate Abilities, Weirdness & Mutations

You have a pair of horns on your head.
A meltable icy envelope protects you from harm. (AC +4)
When seriously injured, your blood forms armour. (AC +6)
A meltable shield of frost defends you. (SH +4)
Your hexes are more powerful.


Message History

You hit the manticore but do no damage.
The tengu conjurer casts a spell at you.
The bolt of lightning misses you.
You barely miss the manticore. The manticore misses you.
The manticore claws you but does no damage.
You block the manticore's attack.
The tengu conjurer hits you but does no damage.
The tengu conjurer barely misses you. You block the tengu conjurer's attack.
You slash the manticore! You freeze the manticore.
The manticore is moderately wounded.
You hit the manticore. You freeze the manticore. You headbutt the manticore.
The manticore is heavily wounded.
The manticore bites you!
* * * LOW HITPOINT WARNING * * *
You block the manticore's attack.
The manticore claws you but does no damage.
The tengu conjurer hits you but does no damage.
You block the tengu conjurer's attack. The tengu conjurer misses you.
You hit the manticore but do no damage.
The manticore is heavily wounded.
What are your orders? t - Shout!
Orders for allies: a - Attack new target. r - Retreat! s - Stop attacking. g - Guard the area. f - Follow me.
Anything else - Cancel.
Retreat in which direction?
Press: ? - help, Dir - move target, f - you
Okay, then.
As you read the scroll of silence, it crumbles to dust.
A profound silence engulfs you. The manticore bites you.
* * * LOW HITPOINT WARNING * * *
The manticore barely misses you. The manticore closely misses you.
The tengu conjurer hits you but does no damage.
You block the tengu conjurer's attack.
The tengu conjurer completely misses you.
The manticore flicks its tail.
The volley of spikes skewers you!
The barbed spikes become lodged in your body.
You die...

#......#..#......
#......#..#......
#..#####..#####..
#......#..#
#......#..#
#####..#..#
#(.?#..#..#
#?*H#..#..#
#$.Q'@.#..#
########..#
#...##..#
#....)[##
#.###...######..
#...............
##.##...<.......
. ###.........
....#......


You could see a manticore (unsilenced), a tengu conjurer and a battlesphere.

Vanquished Creatures
  Pikel (D:7)
  Maurice (D:8)
  A gargoyle (D:10)
  2 trolls
  Prince Ribbit (D:5)
  Grinder (D:5)
  A shadow (D:7)
  8 yaks
  3 steam dragons
  3 water moccasins
  An acid dragon (D:10)
  Duvessa (D:7)
  A swamp drake (D:9)
  An ice beast (D:6)
  A black bear (D:5)
  5 orc warriors
  A sky beast (D:6)
  5 ogres
  8 centaurs
  3 phantoms
  4 kobold brigands
  5 scorpions
  A bullfrog (D:7)
  5 wights
  Dowan (D:7)
  6 killer bees (D:7)
  An electric eel (D:8)
  3 hounds
  10 orc priests
  3 jellies
  4 iguanas
  2 sleepcaps
  6 orc wizards
  3 hell rats (D:7)
  9 adders
  6 river rats (D:7)
  A white imp (D:5)
  2 ufetubi (D:6)
  2 dart slugs
  2 ribbon worms
  48 orcs
  2 bats
  9 endoplasms
  3 giant cockroaches
  7 goblins
  3 hobgoblins
  30 kobolds
  5 quokkas
  10 ball pythons
  4 frilled lizards
  25 rats
271 creatures vanquished.

Vanquished Creatures (others)
  An orc wizard (D:9)
  An orc (D:5)
  A kobold (D:8)
3 creatures vanquished.

Grand Total: 274 creatures vanquished

Notes
Turn   | Place    | Note
-------+----------+-------------------------------------------
     0 | D:1      | Silvore the Demonspawn Fighter began the quest for the Orb.
     0 | D:1      | Reached XP level 1. HP: 18/18 MP: 1/1
   233 | D:1      | Gained mutation: When seriously injured, your blood forms
                  | armour. (AC +6) [demonic ancestry]
   233 | D:1      | Reached XP level 2. HP: 24/24 MP: 2/2
   323 | D:1      | Reached skill level 2 in Long Blades
   605 | D:1      | Reached XP level 3. HP: 26/29 MP: 3/3
  1324 | D:2      | Reached skill level 1 in Dodging
  1355 | D:2      | Identified the +4 dagger of the Thirsty Stories {heavy,
                  | SInv}
  1362 | D:2      | Gained mutation: A meltable shield of frost defends you.
                  | (SH +4) [demonic ancestry]
  1362 | D:2      | Reached XP level 4. HP: 29/35 MP: 4/4
  1858 | D:3      | Found a radiant altar of Vehumet.
  1858 | D:3      | Found a burning altar of Makhleb.
  1858 | D:3      | Found a hazy altar of Hepliaklqana.
  1877 | D:3      | Found a bloodstained altar of Trog.
  1877 | D:3      | Found a broken altar of Ashenzari.
  2311 | D:4      | Found a shimmering blue altar of Sif Muna.
  2340 | D:4      | Reached skill level 3 in Long Blades
  2340 | D:4      | Reached XP level 5. HP: 9/41 MP: 5/5
  2498 | D:4      | Found a sacrificial altar of Ru.
  2559 | D:4      | Noticed an ogre
  2564 | D:4      | Killed an ogre
  2640 | D:4      | Gained mutation: You have a pair of small horns on your
                  | head. [demonic ancestry]
  2640 | D:4      | Reached XP level 6. HP: 22/48 MP: 6/6
  3302 | D:5      | Entered Level 5 of the Dungeon
  3310 | D:5      | Reached skill level 4 in Long Blades
  3502 | D:5      | Gained mutation: You have a pair of horns on your head.
                  | [demonic ancestry]
  3502 | D:5      | Reached XP level 7. HP: 25/54 MP: 7/7
  3628 | D:5      | Reached skill level 5 in Long Blades
  3908 | D:5      | Noticed Prince Ribbit
  3913 | D:5      | Killed Prince Ribbit
  3914 | D:5      | Reached skill level 6 in Long Blades
  3914 | D:5      | Reached skill level 1 in Stealth
  3914 | D:5      | Gained mutation: A meltable icy envelope protects you from
                  | harm. (AC +4) [demonic ancestry]
  3914 | D:5      | Reached XP level 8. HP: 60/61 MP: 8/8
  4064 | D:5      | Reached skill level 5 in Fighting
  4200 | D:5      | Noticed an angel
  4202 | D:5      | Found a shimmering altar of Xom.
  4204 | D:5      | Noticed Grinder
  4215 | D:5      | Killed Grinder
  4216 | D:5      | Reached skill level 7 in Long Blades
  4216 | D:5      | Reached skill level 5 in Armour
  4359 | D:5      | Found Asotusm's Book Shop.
  4886 | D:6      | Reached XP level 9. HP: 68/68 MP: 9/9
  4886 | D:6      | Found Pedix's Book Shop.
  5414 | D:7      | Reached skill level 8 in Long Blades
  5452 | D:7      | Reached skill level 5 in Shields
  5494 | D:7      | Noticed Dowan
  5633 | D:7      | Noticed Duvessa
  5643 | D:7      | Killed Duvessa
  5650 | D:7      | Killed Dowan
  5706 | D:7      | Noticed Pikel
  5729 | D:7      | Killed Pikel
  5730 | D:7      | Reached skill level 9 in Long Blades
  5911 | D:7      | Found a stormy altar of Qazlal.
  5922 | D:7      | Reached XP level 10. HP: 74/77 MP: 10/10
  5995 | D:7      | Found a staircase to the Ecumenical Temple.
  6051 | Temple   | Entered the Ecumenical Temple
  6302 | D:7      | Identified the +0 falchion of Arbitration {spect, rN++
                  | Str+3 Int-2 Dex+4}
  7089 | D:8      | Reached skill level 10 in Long Blades
  7134 | D:8      | Noticed Maurice
  7136 | D:8      | Maurice stole a ring of ice
  7139 | D:8      | Maurice stole the +4 dagger of the Thirsty Stories {heavy,
                  | SInv}
  7154 | D:8      | Maurice stole 375 gold
  7161 | D:8      | Maurice stole 1 gold
  7186 | D:8      | Killed Maurice
  8277 | D:9      | Noticed a boulder beetle
  8277 | D:9      | Noticed a manticore
  8277 | D:9      | Noticed a meliai
  8277 | D:9      | Noticed a centaur warrior
  8277 | D:9      | Noticed a centaur warrior
  8278 | D:9      | Noticed a seven-headed hydra
  8278 | D:9      | Noticed a cyclops
  8278 | D:9      | Noticed a boulder beetle
  8306 | D:9      | Noticed a brown ugly thing
  8306 | D:9      | Noticed a manticore
  8468 | D:9      | Found a staircase to the Orcish Mines.
  8521 | D:9      | Identified the +10 rapier "Lefuzum" {flame, SInv}
  9343 | D:10     | Entered Level 10 of the Dungeon
  9360 | D:10     | Noticed a gargoyle
  9412 | D:10     | Gained mutation: Your hexes are more powerful. [demonic
                  | ancestry]
  9412 | D:10     | Reached XP level 11. HP: 73/84 MP: 11/11
  9490 | D:10     | HP: 1/84 [gargoyle/stone arrow (15)]
  9606 | D:10     | Killed from afar by a manticore

Illustrated notes

Levels and vault maps discovered:
D:1:      dpeg_arrival_simpleton_b, layout_basic, dreamdust_mushroom_princess,
          minivault_25, minmay_misc_feat_cross, minmay_tall_x
D:2:      kb_forest_paths, layout_loops_ring, serial_park_tiny_pond
D:3:      layout_loops_ring, minmay_overflow_temple_hex
D:4:      layout_loops_corners, mainiacjoe_overflow_small_starburst,
          nicolae_ru_path_of_blood
D:5:      layout_loops_ring, grunt_temple_overflow_order_and_chaos_1,
          serial_shops, shop, minmay_circle_x, uniq_grinder, uniq_prince_ribbit1
D:6:      layout_basic, serial_shops,
          nicolae_shop_temple_entry_statues_fountains, kennysheep_generic_room_3
D:7:      lemuel_ratsnest, layout_basic, mainiacjoe_overflow_boulevard,
          minmay_temple_entry_drinking_statues, minivault_26, uniq_duvessa,
          uniq_pikel
D:8:      layout_cave_pools, nrook_pool_corridor, uniq_maurice
D:9:      layout_cave_pods, erik_orc_1, minivault_12
D:10:     kennysheep_windowed_halls, layout_rooms, nemelex_altar_shiori,
          grunt_gozag_statues, uniq_grum
Temple:   chequers_temple_sunken

Skill      XL: |  1  2  3  4  5  6  7  8  9 10 |
---------------+-------------------------------+-----
Long Blades    | 2 3 4 6 7 9 10 | 10.8
Shields        | 3 4 5 6 |  6.9
Armour         | 3 4 5 6 7 |  7.2
Dodging        | 1 2 3 |  3.3
Fighting       | 4 5 6 7 |  7.6
Stealth        | 1 |  1.3

Action                     |  1- 3 |  4- 6 |  7- 9 | 10-12 || total
---------------------------+-------+-------+-------+-------++-------
  Melee: Long sword        |   120 |   118 |   268 |   432 ||   938
         Headbutt          |       |     9 |    48 |    87 ||   144
    Use: Scroll            |     6 |     8 |     6 |     3 ||    23
         Potion            |       |     2 |     6 |     6 ||    14
 Armour: Scale mail        |    92 |     4 |       |       ||    96
         Chain mail        |       |    61 |   190 |   317 ||   568
         Troll leather arm |       |       |       |    56 ||    56
  Dodge: Dodged            |    50 |    33 |    89 |   230 ||   402
  Block: Buckler           |    34 |    35 |   104 |   256 ||   429
